 Dungeon Crawl Stone Soup version 0.21.0-3-g78d12a8bdd (webtiles) character file.

10143 Rrauwl the Prestidigitator (level 11, 0/83 HPs)
             Began as a Gnoll Artificer on Jan 10, 2018.
             Slain by an ancient zyme (10 damage)
             ... on level 2 of the Abyss on Jan 11, 2018.
             The game lasted 00:45:17 (9065 turns).

Rrauwl the Prestidigitator (Gnoll Artificer)        Turns: 9065, Time: 00:45:18

Health: 0/83       AC:  8    Str: 17    XL:     11   Next: 57%
Magic:  26/29      EV: 11    Int: 14    God:
Gold:   528        SH:  0    Dex: 16    Spells: 19/22 levels left

rFire    + . .     SeeInvis .   w - +2 great sword (slice)
rCold    . . .     Gourm    .   (shield currently unavailable)
rNeg     . . .     Faith    .   l - +0 chain mail
rPois    .         Spirit   .   k - +1 helmet (curse)
rElec    .         Reflect  .   u - scarf {repulsion}
rCorr    +         Harm     .   (no gloves)
MR       ++...                  (no boots)
Stlth    ..........             j - amulet of rage
HPRegen  0.00/turn              s - ring of resist corrosion
MPRegen  0.21/turn              t - ring of magical power

@: corroded, non-regenerating, diseased, hasted, repel missiles, very quick
A: distributed training, fangs 1, fire resistance 1, magic resistance 2, strong
nose
a: Evoke Berserk Rage


You were on level 2 of the Abyss.
You were not hungry.

You visited 1 branch of the dungeon, and saw 10 of its levels.
You visited the Abyss 1 time.
You also visited: Ossuary.

You collected 528 gold pieces.

Inventory:

Hand Weapons
 a - a +3 morningstar of distortion
 w - a +2 great sword of slicing (weapon)
Armour
 e - a +2 hat of magic resistance
 k - a cursed +1 helmet (worn)
 l - a +0 chain mail (worn)
 u - a scarf of repulsion (worn)
Jewellery
 j - an amulet of rage (around neck)
 s - a ring of resist corrosion (left hand)
 t - a ring of magical power (right hand)
Wands
 d - a wand of enslavement (11)
 x - a wand of acid (2)
 y - a wand of paralysis (15)
Scrolls
 i - 6 scrolls of teleportation
 m - 6 scrolls of identify
 n - a scroll of amnesia
 o - 2 scrolls of remove curse
 p - 4 scrolls of enchant armour
 q - a scroll of fog
Potions
 b - a potion of haste
 c - a potion of ambrosia
 h - 3 potions of mutation
 v - a potion of flight
 z - a potion of resistance
Books
 g - a book of Battle

   Spells                             Type                      Level
   a - Infusion                       Charms                       1
   b - Shroud of Golubria             Charms/Translocation         2
   c - Song of Slaying                Charms                       2
   d - Spectral Weapon                Hexes/Charms                 3
   e - Regeneration                   Charms/Necromancy            3
Comestibles
 f - 12 rations


   Skills:
 + Level 6.9 Fighting
 + Level 6.9 Short Blades
 + Level 6.3 Long Blades
 + Level 6.3 Axes
 + Level 6.3 Maces & Flails
 + Level 6.3 Polearms
 + Level 6.3 Staves
 + Level 6.3 Slings
 + Level 6.3 Bows
 + Level 6.3 Crossbows
 + Level 6.3 Throwing
 + Level 6.3 Armour
 + Level 7.9 Dodging
 + Level 6.8 Stealth
 + Level 6.3 Shields
 + Level 6.3 Unarmed Combat
 + Level 6.3 Spellcasting
 + Level 5.2 Conjurations
 + Level 5.2 Hexes
 + Level 5.2 Charms
 + Level 5.2 Summonings
 + Level 5.2 Necromancy
 + Level 5.2 Translocations
 + Level 5.2 Transmutations
 + Level 5.2 Fire Magic
 + Level 5.2 Ice Magic
 + Level 5.2 Air Magic
 + Level 5.2 Earth Magic
 + Level 5.2 Poison Magic
 + Level 6.9 Invocations
 + Level 9.2 Evocations


You had 19 spell levels left.
You knew the following spells:

 Your Spells              Type           Power        Failure   Level  Hunger
a - Regeneration          Chrm/Necr      ###.......   54%         3    ###....


Dungeon Overview and Level Annotations

Branches:
Dungeon (11/15)              Lair (0/6) D:10
 Temple: D:4-7          Orc: D:9-12

Altars:
Cheibriados
Dithmenos
Gozag
Nemelex Xobeh
Okawaru
Yredelemnul
Jiyva

Shops:
D:7 (   D:10 [

Annotations:
Abyss:1 Pikel


Innate Abilities, Weirdness & Mutations

Your experience applies equally to all skills.
You have very sharp teeth.
Your uncanny sense of smell can sniff out nearby items.
Your flesh is heat resistant. (rF+)
You are highly resistant to hostile enchantments. (MR++)


Message History

You slash the deep elf sorcerer!
You kill the deep elf sorcerer!
You slash the ancient zyme!
The ancient zyme is moderately damaged.
The ancient zyme hits you but does no damage.
The ancient zyme hits you.
You hit the ancient zyme but do no damage.
The ancient zyme is moderately damaged.
The ancient zyme hits you!
* * * LOW HITPOINT WARNING * * *
The ancient zyme barely misses you.
You hit the ancient zyme. Your bite misses the ancient zyme.
The ancient zyme is moderately damaged.
The ancient zyme hits you!
* * * LOW HITPOINT WARNING * * *
The ancient zyme closely misses you.
You barely miss the ancient zyme. Your bite misses the ancient zyme.
The ancient zyme is moderately damaged.
The ancient zyme hits you!
You die...

# . . # ..# .. #
.. #.# #.##
##.## ... .
.###...## ...##
.. . #.
...#(.... .....
... . .. ....
..... .# . . .
.... . .## .# #
..###...###...##
# . ##.# ###.# .
# . #...#@x### .
.## ##.####..#
.# . ##. ....# #
.. . . . #####
.. .e###


You could see an ancient zyme.

Vanquished Creatures
  Gastronok (D:9)
  A deep elf sorcerer (Abyss:2)
  2 death yaks (D:9)
  A cyclops (D:11)
  A troll (D:10)
  A large abomination (Abyss:2)
  2 hippogriffs
  2 vampires
  A basilisk (D:10)
  6 yaks (D:10)
  A wyvern (D:10)
  A water moccasin (D:10)
  A slave (D:4)
  A sky beast (D:8)
  2 ice beasts
  2 black bears
  4 ogres
  3 orc warriors
  2 centaurs
  2 bullfrogs
  A water moccasin skeleton (D:7)
  4 scorpions
  3 wights (D:8)
  3 killer bees (D:7)
  2 centaur zombies
  2 hounds
  2 centaur skeletons
  4 jellies
  4 orc priests
  2 orc wizards
  2 iguanas (D:4)
  5 worker ants
  A hell rat (D:10)
  A killer bee zombie (D:8)
  2 big kobold zombies (Ossuary)
  2 hound skeletons (D:4)
  2 mummies (Ossuary)
  A howler monkey skeleton (D:7)
  5 adders
  2 river rats (D:10)
  A shadow imp (D:9)
  6 oozes
  An adder zombie (Ossuary)
  An adder skeleton (D:9)
  A worm (D:3)
  2 dart slugs
  4 leopard geckos
  37 orcs
  3 ball pythons
  11 bats
  5 giant cockroaches
  8 goblins
  7 hobgoblins
  7 jackals
  11 kobolds
  8 quokkas
  4 frilled lizards
  A goblin zombie (Ossuary)
  8 hobgoblin zombies (Ossuary)
  2 jackal zombies (Ossuary)
  10 kobold zombies (Ossuary)
  7 orc zombies (Ossuary)
  A quokka skeleton (D:9)
  11 rats
  A rat zombie (Ossuary)
245 creatures vanquished.

Vanquished Creatures (collateral kills)
  An orc (D:8)
1 creature vanquished.

Vanquished Creatures (others)
  A bullfrog (D:8)
  An elf zombie (Ossuary)
  A hound (D:3)
  An iguana (D:8)
  2 worker ants
  2 big kobold zombies (Ossuary)
  2 orcs (D:4)
  A jackal zombie (Ossuary)
11 creatures vanquished.

Grand Total: 257 creatures vanquished

Notes
Turn   | Place    | Note
-------+----------+-------------------------------------------
     0 | D:1      | Rrauwl the Gnoll Artificer began the quest for the Orb.
     0 | D:1      | Reached XP level 1. HP: 17/17 MP: 4/4
    67 | D:1      | Reached XP level 2. HP: 19/23 MP: 6/6
   104 | D:1      | Found an iron altar of Okawaru.
   281 | D:1      | Reached XP level 3. HP: 19/28 MP: 7/7
  1088 | D:2      | Reached skill level 1 in Invocations
  1119 | D:2      | Reached skill level 1 in Long Blades
  1119 | D:2      | Reached skill level 1 in Axes
  1119 | D:2      | Reached skill level 1 in Maces & Flails
  1119 | D:2      | Reached skill level 1 in Polearms
  1119 | D:2      | Reached skill level 1 in Staves
  1119 | D:2      | Reached skill level 1 in Slings
  1119 | D:2      | Reached skill level 1 in Bows
  1119 | D:2      | Reached skill level 1 in Crossbows
  1119 | D:2      | Reached skill level 1 in Throwing
  1119 | D:2      | Reached skill level 1 in Armour
  1119 | D:2      | Reached skill level 1 in Shields
  1119 | D:2      | Reached skill level 1 in Unarmed Combat
  1119 | D:2      | Reached skill level 1 in Spellcasting
  1119 | D:2      | Reached XP level 4. HP: 30/34 MP: 8/8
  1662 | D:3      | Reached skill level 1 in Conjurations
  1662 | D:3      | Reached skill level 1 in Hexes
  1662 | D:3      | Reached skill level 1 in Charms
  1662 | D:3      | Reached skill level 1 in Summonings
  1662 | D:3      | Reached skill level 1 in Necromancy
  1662 | D:3      | Reached skill level 1 in Translocations
  1662 | D:3      | Reached skill level 1 in Transmutations
  1662 | D:3      | Reached skill level 1 in Fire Magic
  1662 | D:3      | Reached skill level 1 in Ice Magic
  1662 | D:3      | Reached skill level 1 in Air Magic
  1662 | D:3      | Reached skill level 1 in Earth Magic
  1662 | D:3      | Reached skill level 1 in Poison Magic
  1709 | D:3      | Reached XP level 5. HP: 13/40 MP: 8/10
  1728 | D:3      | Gained mutation: You are resistant to hostile enchantments. (MR+) [potion of mutation]
  1728 | D:3      | Gained mutation: You are highly resistant to hostile enchantments. (MR++) [potion of mutation]
  1728 | D:3      | Gained mutation: Your flesh is heat resistant. (rF+) [potion of mutation]
  2266 | D:4      | Noticed an ogre
  2271 | D:4      | Killed an ogre
  2271 | D:4      | Reached XP level 6. HP: 47/47 MP: 11/11
  2280 | D:4      | Found a basalt altar of Yredelemnul.
  2280 | D:4      | Found a shadowy altar of Dithmenos.
  2280 | D:4      | Found an opulent altar of Gozag.
  2282 | D:4      | Found a snail-covered altar of Cheibriados.
  2300 | D:4      | Reached skill level 5 in Dodging
  2418 | D:4      | Reached XP level 7. HP: 37/52 MP: 12/12
  2561 | D:4      | Reached skill level 7 in Evocations
  2607 | D:4      | Noticed Pikel
  2685 | D:4      | Banished Pikel
  2685 | D:4      | Reached XP level 8. HP: 42/60 MP: 13/13
  2701 | D:4      | Found a sand-covered staircase.
  2708 | Ossuary  | Entered an ossuary
  3465 | D:5      | Entered Level 5 of the Dungeon
  3577 | D:5      | You fall through a shaft for 2 floors!
  3922 | D:7      | Reached XP level 9. HP: 62/66 MP: 14/14
  4430 | D:7      | Found Cecver's Weapon Shop.
  4693 | D:8      | Found a sparkling altar of Nemelex Xobeh.
  4849 | D:8      | Reached skill level 5 in Fighting
  4849 | D:8      | Reached skill level 5 in Short Blades
  5353 | D:9      | Noticed Gastronok
  5367 | D:9      | Reached skill level 5 in Stealth
  5558 | D:9      | Killed Gastronok
  5558 | D:9      | Reached skill level 5 in Long Blades
  5558 | D:9      | Reached skill level 5 in Axes
  5558 | D:9      | Reached skill level 5 in Maces & Flails
  5558 | D:9      | Reached skill level 5 in Polearms
  5558 | D:9      | Reached skill level 5 in Staves
  5558 | D:9      | Reached skill level 5 in Slings
  5558 | D:9      | Reached skill level 5 in Bows
  5558 | D:9      | Reached skill level 5 in Crossbows
  5558 | D:9      | Reached skill level 5 in Throwing
  5558 | D:9      | Reached skill level 5 in Armour
  5558 | D:9      | Reached skill level 5 in Shields
  5558 | D:9      | Reached skill level 5 in Unarmed Combat
  5558 | D:9      | Reached skill level 5 in Spellcasting
  5558 | D:9      | Reached skill level 5 in Invocations
  5558 | D:9      | Reached skill level 8 in Evocations
  5558 | D:9      | Reached XP level 10. HP: 45/76 MP: 17/17
  6820 | D:10     | Entered Level 10 of the Dungeon
  6820 | D:10     | Found a staircase to the Lair.
  6820 | D:10     | Noticed a death yak
  7657 | D:10     | Learned a level 3 spell: Regeneration
  7722 | D:10     | Reached XP level 11. HP: 65/82 MP: 19/19
  7724 | D:10     | Noticed a death yak
  7726 | D:10     | Noticed a death yak
  7735 | D:9      | Killed a death yak
  7850 | D:9      | Killed a death yak
  7850 | D:9      | Reached skill level 9 in Evocations
  8352 | D:10     | Found Xatong Xeant's Armour Boutique.
  8469 | D:10     | Noticed a five-headed hydra
  8508 | D:10     | Found a viscous altar of Jiyva.
  8586 | D:10     | Reached skill level 5 in Conjurations
  8586 | D:10     | Reached skill level 5 in Hexes
  8586 | D:10     | Reached skill level 5 in Charms
  8586 | D:10     | Reached skill level 5 in Summonings
  8586 | D:10     | Reached skill level 5 in Necromancy
  8586 | D:10     | Reached skill level 5 in Translocations
  8586 | D:10     | Reached skill level 5 in Transmutations
  8586 | D:10     | Reached skill level 5 in Fire Magic
  8586 | D:10     | Reached skill level 5 in Ice Magic
  8586 | D:10     | Reached skill level 5 in Air Magic
  8586 | D:10     | Reached skill level 5 in Earth Magic
  8586 | D:10     | Reached skill level 5 in Poison Magic
  8823 | D:11     | Noticed a cyclops
  8829 | D:11     | Killed a cyclops
  8901 | D:11     | Noticed a cyclops
  8948 | D:11     | Cast into level 2 of the Abyss (a distortion unwield)
  9044 | Abyss:2  | Noticed a deep elf sorcerer
  9061 | Abyss:2  | Killed a deep elf sorcerer
  9065 | Abyss:2  | Slain by an ancient zyme

Skill      XL: |  1  2  3  4  5  6  7  8  9 10 11 |
---------------+----------------------------------+-----
Invocations    | 1 2 3 4 5 6 |  6.9
Long Blades    | 1 2 3 5 6 |  6.3
Axes           | 1 2 3 5 6 |  6.3
Maces & Flails | 1 2 3 5 6 |  6.3
Polearms       | 1 2 3 5 6 |  6.3
Staves         | 1 2 3 5 6 |  6.3
Slings         | 1 2 3 5 6 |  6.3
Bows           | 1 2 3 5 6 |  6.3
Crossbows      | 1 2 3 5 6 |  6.3
Throwing       | 1 2 3 5 6 |  6.3
Armour         | 1 2 3 5 6 |  6.3
Shields        | 1 2 3 5 6 |  6.3
Unarmed Combat | 1 2 3 5 6 |  6.3
Spellcasting   | 1 2 3 5 6 |  6.3
Conjurations   | 1 2 3 4 5 |  5.2
Hexes          | 1 2 3 4 5 |  5.2
Charms         | 1 2 3 4 5 |  5.2
Summonings     | 1 2 3 4 5 |  5.2
Necromancy     | 1 2 3 4 5 |  5.2
Translocations | 1 2 3 4 5 |  5.2
Transmutations | 1 2 3 4 5 |  5.2
Fire Magic     | 1 2 3 4 5 |  5.2
Ice Magic      | 1 2 3 4 5 |  5.2
Air Magic      | 1 2 3 4 5 |  5.2
Earth Magic    | 1 2 3 4 5 |  5.2
Poison Magic   | 1 2 3 4 5 |  5.2
Fighting       | 3 4 5 6 |  6.9
Short Blades   | 3 4 5 6 |  6.9
Stealth        | 3 4 5 6 |  6.8
Dodging        | 5 6 7 |  7.9
Evocations     | 7 8 9 |  9.2

Action                   |  1- 3 |  4- 6 |  7- 9 | 10-12 || total
-------------------------+-------+-------+-------+-------++-------
Melee: Short sword       |   111 |    33 |       |       ||   144
       Bite              |    16 |    16 |    42 |    34 ||   108
       Spear             |    12 |       |       |       ||    12
       Falchion          |       |    24 |       |       ||    24
       Morningstar       |       |    95 |   289 |   236 ||   620
       Punch             |       |     1 |     3 |     3 ||     7
       Great sword       |       |       |       |    21 ||    21
 Cast: Regeneration      |       |       |       |     4 ||     4
Evoke: Wand              |       |     8 |    27 |     8 ||    43
  Use: Potion            |     3 |     5 |    14 |     5 ||    27
       Scroll            |     4 |     3 |     2 |     2 ||    11
 Stab: Sleeping          |     9 |       |       |       ||     9
       Paralysed         |       |       |       |     3 ||     3
  Eat: Chunk             |     1 |     4 |     7 |     6 ||    18
       Ration            |       |       |     1 |     2 ||     3
Armor: Leather armour    |    31 |     4 |       |       ||    35
       Chain mail        |       |    85 |   161 |    82 ||   328
       Skin              |       |       |       |    18 ||    18
Dodge: Dodged            |   110 |    79 |   168 |   112 ||   469
       Deflected         |       |       |     2 |       ||     2
       Rpst.: Great sword |       |       |       |     1 ||     1
